AoeStats
← Loki das Highlandrind

Runestones

507468257Analyzed
1v1 RM · 13d ago on Sep 18, 2026· 47m 53s· 2 players
Game mode
Random Map
Map size
Tiny (2 player)
Population
200
Speed
Normal
Resources
Standard
Victory
Conquest
Starting age
Dark Age
Ending age
Imperial Age
RankedLock teamsTeams togetherTeam positionsShared explorationLock speedFull tech treeHidden civsTurbo modeCheats
Victory
Defeat
🇯🇵 Franks · Japan
1136
+18
🇩🇪 Muisca · Germany
1175
-18
AoN.Hyoga
6:37 Loom
9:37 Feudal Age
10:29 Double-Bit Axe
20:07 Castle Age
21:02 Forging
21:53 Wheelbarrow
21:32 Scale Barding Armor
22:30 Town Watch
30:47 Devotion
35:15 Imperial Age
34:34 Hand Cart
35:07 Chain Barding Armor
34:39 Fletching
36:24 Conscription
37:47 Chemistry
36:44 Cavalier
37:57 Bow Saw
38:35 Plate Barding Armor
39:06 Iron Casting
38:37 Husbandry
39:07 Masonry
40:24 Hoardings
39:33 Elite Skirmisher
40:16 Padded Archer Armor
40:54 Paladin
44:47 Blast Furnace
Loki das Highlandrind
7:24 Loom
10:48 Feudal Age
17:07 Castle Age
16:41 Double-Bit Axe
23:00 Bow Saw
22:48 Horse Collar
23:51 Fletching
25:24 Wheelbarrow
26:10 Bodkin Arrow
26:36 Crossbowman
28:08 Heavy Plow
29:07 Padded Archer Armor
29:52 Ballistics
31:12 Thumb Ring
36:50 Imperial Age
35:13 Gold Mining
35:18 Stone Mining
36:30 Leather Archer Armor
37:01 Herbalism
37:55 Stone Shaft Mining
37:58 Bracer
37:39 Arbalester
39:59 Hand Cart
41:00 Chemistry
41:36 Conscription
42:56 Two-Man Saw
42:27 Scale Mail Armor
42:11 Pikeman
44:31 Gold Shaft Mining
45:44 Chain Mail Armor
46:33 Forging
48:10 Squires
48:45 Plate Mail Armor
Connection lost

Rejoining the realm…

Still unreachable

The connection could not be restored.

Session expired

The server has moved on; the page needs a fresh start.